 Dungeon Sprint DCSS version 0.30-a0-122-g2a1322497e (webtiles) character file.

Game seed: 1255134130227431917

625 jt the Covert (level 7, -3/46 (53) HPs)
             Began as a Kobold Berserker on Sept 15, 2022.
             Was a Believer of Trog.
             Slain by Sonja
             ... wielding a +1 short sword of draining
              (5 damage)
             ... in the Dungeon (Sprint I: "Red Sonja").
             The game lasted 00:01:42 (506 turns).

jt the Covert (Kobold Berserker)                     Turns: 506, Time: 00:01:43

HP:   -3/46 (53)    AC:  2    Str: 15    XL:     7   Next: 76%
MP:   7/7           EV: 15    Int:  8    God:    Trog [**....]
Gold: 423           SH:  0    Dex: 22    Spells: 6/6 levels left

rFire   . . .      SeeInvis .    a - +0 short sword
rCold   . . .      Faith    .    (no shield)
rNeg    . . .      Spirit   .    b - +0 animal skin
rPois   .          Reflect  .    (no helmet)
rElec   .          Harm     .    (no cloak)
rCorr   .          Rampage  .    (no gloves)
Will    ++...      NoTele   +    (no boots)
Stlth   +++++++...               (no amulet)
HPRegen 1.15/turn                k - +6 ring of dexterity
MPRegen 0.10/turn                (no ring)

@: strong-willed, regenerating, heavily drained
A: small, no large weapons, nightstalker 3
a: Renounce Religion, Berserk, Trog's Hand


You were in the Dungeon.
You worshipped Trog.
Trog was pleased with you.
You visited 1 branch You collected 423 gold pieces.

Inventory:

Hand Weapons
 a - a +0 short sword (weapon)
 c - a +0 dagger
Missiles
 l - 9 stones (quivered)
Armour
 b - a +0 animal skin (worn)
 d - a +0 chain mail
Jewellery
 k - a +6 ring of dexterity (left hand)
Wands
 i - a wand of digging (6)
Scrolls
 h - a scroll of blinking
Potions
 e - a potion of haste
 f - 2 potions of magic
 g - a potion of berserk rage
 j - a potion of curing


   Skills:
 + Level 10.5 Fighting
 + Level 12.4 Short Blades
 + Level 0.0 Throwing
 - Level 1.5 Armour
 - Level 2.4 Dodging
 + Level 12.7 Stealth


You had 6 spell levels left.
You didn't know any spells.
Your spell library was empty.

Dungeon Overview and Level Annotations

Branches:
Dungeon (1/1)

Altars:
Cheibriados
Dithmenos
Elyvilon
Fedhas
Gozag
Hepliaklqana
Kikubaaqudgha
Makhleb
Nemelex Xobeh
Okawaru
Qazlal
Ru
Sif Muna
Trog
Uskayaw
Vehumet
Wu Jian
Xom
Yredelemnul
Zin
The Shining One
Jiyva
Lugonu

Shops:
D :

Annotations:
D Sonja


Innate Abilities, Weirdness & Mutations

You are small and have problems with some larger weapons.
You are completely attuned to the shadows.


Message History

Found Raninetu's Book Emporium.
Found three altars.
There is an open door, spattered with blood here.
Found four altars.
You feel a strong urge to attack something.
Found five altars.
You feel your anger nearly subside.
You are no longer berserk.
You are exhausted.
You feel yourself slow down.
There is an entrance to Raninetu's Book Emporium here.
You start resting.
You feel yourself speed up.
You start resting.
You recover from your berserk rage.
There is an open door, spattered with blood here.
As you open the door, it creaks loudly!
Sonja, the Graceful Assassin comes into view.
She is wielding a +1 short sword of draining, quivering curare-tipped darts and carrying a wand of polymorph (9).
Sonja shouts!
Found 108 gold pieces.
Sonja hits you with a +1 short sword of draining.
You feel drained.
Sonja hits you with a +1 short sword of draining.
You feel drained. Sonja barely misses you.
There is an open door here.
Okay, then.
Your skin crawls.
You feel strong-willed.
Sonja hits you with a +1 short sword of draining!
You feel drained. Sonja hits you but does no damage.
You feel drained.
Sonja hits you with a +1 short sword of draining.
You feel drained.
Sonja hits you with a +1 short sword of draining.
* * * LOW HITPOINT WARNING * * *
You feel drained.
* * * LOW HITPOINT WARNING * * *
Sonja hits you with a +1 short sword of draining.
* * * LOW HITPOINT WARNING * * *
You feel drained.
* * * LOW HITPOINT WARNING * * *
Sonja hits you with a +1 short sword of draining.
You die...

#<.#..').#..'..#__#..+
#..'..#..').#..'..'..#
#.÷#####'#####'#__####
#..####..#...#.####
#..#__####..##.#
#..#_____##'#_.+
#⌠⌠#_.∩...'..._#
####_..__##_.#'#
#_____###@#.# #######
#K### $.$ #$.$# ##.##


You could see Sonja.

Vanquished Creatures
  A slime creature (D)
  Sigmund (D)
  A yak (D)
  An ogre (D)
  A jelly (D)
  Ijyb (D)
6 creatures vanquished.

Notes
Turn   | Place    | Note
-------+----------+-------------------------------------------
     0 | D        | jt the Kobold Berserker began the quest for the Orb.
     0 | D        | Reached XP level 1. HP: 14/14 MP: 1/1
     2 | D        | Noticed Ijyb
    58 | D        | Killed Ijyb
    59 | D        | Reached skill level 5 in Fighting
    59 | D        | Reached XP level 2. HP: 7/21 MP: 2/2
    59 | D        | Reached XP level 3. HP: 9/26 MP: 3/3
   271 | D        | Noticed an ogre
   277 | D        | Killed an ogre
   278 | D        | Reached XP level 4. HP: 32/32 MP: 4/4
   278 | D        | Reached XP level 5. HP: 37/37 MP: 5/5
   339 | D        | Noticed Sigmund
   350 | D        | Killed Sigmund
   350 | D        | Reached ** piety under Trog
   351 | D        | Reached skill level 10 in Short Blades
   351 | D        | Reached skill level 10 in Stealth
   351 | D        | Reached XP level 6. HP: 45/45 MP: 6/6
   389 | D        | Found a burning altar of Makhleb.
   389 | D        | Found a shimmering altar of Xom.
   389 | D        | Noticed a slime creature
   390 | D        | Found a viscous altar of Jiyva.
   390 | D        | Found a corrupted altar of Lugonu.
   392 | D        | Killed a slime creature
   393 | D        | Reached XP level 7. HP: 52/52 MP: 7/7
   411 | D        | Found an ornate altar of the Wu Jian Council.
   411 | D        | Found a shimmering blue altar of Sif Muna.
   412 | D        | Found a radiant altar of Vehumet.
   417 | D        | Reached skill level 10 in Fighting
   448 | D        | Found a hazy altar of Hepliaklqana.
   448 | D        | Found a stormy altar of Qazlal.
   448 | D        | Found a hide-covered altar of Uskayaw.
   448 | D        | Found a blossoming altar of Fedhas.
   448 | D        | Noticed a yak
   458 | D        | Killed a yak
   459 | D        | Found Raninetu's Book Emporium.
   459 | D        | Found a bloodstained altar of Trog.
   459 | D        | Found an opulent altar of Gozag.
   459 | D        | Found a snail-covered altar of Cheibriados.
   460 | D        | Found an iron altar of Okawaru.
   460 | D        | Found a sparkling altar of Nemelex Xobeh.
   460 | D        | Found a sacrificial altar of Ru.
   460 | D        | Found a glowing silver altar of Zin.
   461 | D        | Found an ancient bone altar of Kikubaaqudgha.
   461 | D        | Found a basalt altar of Yredelemnul.
   461 | D        | Found a glowing golden altar of the Shining One.
   461 | D        | Found a shadowy altar of Dithmenos.
   461 | D        | Found a white marble altar of Elyvilon.
   504 | D        | Noticed Sonja
   506 | D        | HP: 2/46 [Sonja/+1 short sword of draining (2)]
   506 | D        | Slain by Sonja

Illustrated notes

Levels and vault maps discovered:
D:        dungeon_sprint_1 [red_sonja_temple_1, red_sonja_temple_small_1]

Skill      XL: |  1  2  3  4  5  6  7 |
---------------+----------------------+-----
Fighting       | 5 6 8 9 10 | 10.5
Short Blades   | 6 8 10 11 12 | 12.4
Stealth        | 4 7 10 11 12 | 12.7
Armour         | |  1.5
Dodging        | |  2.4

Action                   |  1- 3 |  4- 6 |  7- 9 || total
-------------------------+-------+-------+-------++-------
Melee: Short sword       |    33 |     9 |    10 ||    52
       Punch             |     1 |       |       ||     1
Invok: Berserk           |     2 |     1 |     1 ||     4
       Trog's Hand       |       |       |     1 ||     1
  Use: Potion            |     2 |       |       ||     2
 Stab: Sleeping          |     1 |     1 |     1 ||     3
Armor: Animal skin       |     4 |       |     1 ||     5
Dodge: Dodged            |    28 |     4 |     3 ||    35

Table legend: (Time is in decaauts)
 A = Elapsed time spent in this place.
 B = Non-inter-level travel time spent in this place.
 C = Inter-level travel time spent in this place.
 D = Time resting spent in this place.
 E = Time spent auto-exploring this place.
 F = Levels seen in this place.
 G = Mean time per level.
                   A        B        C        D        E       F      G
               +--------+--------+--------+--------+--------+-----+--------+
         Total |    527 |    527 |      0 |    341 |      0 |   1 |  527.0 |
       Dungeon |    527 |    527 |      0 |    341 |      0 |   1 |  527.0 |
               +--------+--------+--------+--------+--------+-----+--------+

Top non-repeatable levels by time:
       D: 527 daAuts
